AoeStats
← 牛油果

Nomad

503379803Analyzed
1v1 RM · 1mo ago on Aug 31, 2026· 39m 3s· 2 players
Game mode
Random Map
Map size
126×126
Population
200
Speed
Normal
Resources
Standard
Victory
Conquest
Starting age
Dark Age
Ending age
Imperial Age
RankedLock teamsTeams togetherTeam positionsShared explorationLock speedFull tech treeHidden civsTurbo modeCheats
Victory
Defeat
🇭🇰 Persians · Hong Kong SAR China
1842
+18
🇷🇺 Vietnamese · Russia
1895
-18
牛油果
12:26 Loom
14:11 Feudal Age
15:57 Fishing Lines
16:03 Double-Bit Axe
18:51 Castle Age
16:40 Town Watch
17:49 Gold Mining
18:24 Forging
19:33 Medium Warships
19:33 Bow Saw
23:03 Iron Casting
24:26 Wheelbarrow
24:15 Horse Collar
27:23 Hand Cart
27:40 Heavy Plow
28:15 Gold Shaft Mining
29:08 Stone Mining
32:32 Imperial Age
30:58 Padded Archer Armor
32:03 Fletching
33:51 Chemistry
33:12 Leather Archer Armor
34:56 Two-Man Saw
34:26 Crop Rotation
36:07 Ring Archer Armor
37:30 Bodkin Arrow
38:35 Scale Barding Armor
39:39 Chain Barding Armor
40:19 Blast Furnace
Kiritastrich
4:51 Loom
16:12 Feudal Age
17:29 Fishing Lines
20:28 Castle Age
18:33 Double-Bit Axe
18:59 Scale Barding Armor
19:49 Forging
21:23 Medium Warships
22:03 Gillnets
25:40 Iron Casting
25:56 Chain Barding Armor
27:39 Squires
28:11 Scale Mail Armor
30:59 Chain Mail Armor
30:57 Bow Saw
31:15 Arson
34:54 Gold Mining
Connection lost

Rejoining the realm…

Still unreachable

The connection could not be restored.

Session expired

The server has moved on; the page needs a fresh start.